 Dungeon Crawl Stone Soup version 0.17-a0-2147-gfb20a63 (webtiles) character file.

3766 radek the Anointer (level 9, 0/45 HPs)
             Began as a Deep Elf Conjurer on Oct 24, 2015.
             Was a Believer of Vehumet.
             Slain by a warg (6 damage)
             ... on level 11 of the Dungeon.
             The game lasted 00:47:57 (11093 turns).

radek the Anointer (Deep Elf Conjurer)             Turns: 11093, Time: 00:47:57

Health: 0/45       AC: 11    Str:  6    XL:     9   Next: 94%
Magic:  1/15       EV: 13    Int: 23    God:    Vehumet [**....]
Gold:   481        SH:  0    Dex: 15    Spells: 4 memorised, 3 levels left

rFire  + . .     SeeInvis .     p - +2 mace (protect)
rCold  + . .     Clarity  .     C - +2 robe {rC+ rF+}
rNeg   . . .     SustAt   .     (no shield)
rPois  .         Gourm    .     N - +2 hat
rElec  .         Spirit   .     (no cloak)
rCorr  .         Warding  .     (no gloves)
rMut   .         Stasis   .     (no boots)
MR     .....                    F - amulet of regeneration
Stlth  ++........               (no ring)
                                i - ring of invisibility

@: not resistant to hostile enchantments, unstealthy
A: no striking features
a: Renounce Religion, Evoke Invisibility


You were on level 11 of the Dungeon.
You worshipped Vehumet.
Vehumet was pleased with you.
You were not hungry.

You visited 2 branches of the dungeon, and saw 10 of its levels.
You also visited: Ossuary.

You collected 481 gold pieces.

Inventory:

Hand Weapons
 g - a +1 dagger of freezing
 m - a +2 flail of protection
 n - a +1 mace of protection
 p - a +2 mace of protection (weapon)
 A - a +4 scythe of flaming
 B - a +0 whip of electrocution
 D - a cursed -1 dagger
Missiles
 q - 2 javelins (quivered)
Armour
 a - a +0 robe
 C - a +2 robe of resistance (worn)
 N - a +2 hat (worn)
Jewellery
 i - a ring of invisibility (left hand)
 F - an amulet of regeneration (around neck)
 G - a cursed -6 ring of protection {unknown}
Wands
 u - a wand of disintegration (14)
 w - a wand of teleportation (8)
 Q - a wand of slowing (23)
Scrolls
 e - 2 scrolls of magic mapping
 l - 13 scrolls of identify
 o - a scroll of blinking
 r - 4 scrolls of teleportation
 v - 2 scrolls of enchant weapon {unknown}
 x - a scroll of recharging
 y - a scroll of remove curse
 E - a scroll of silence {unknown}
 H - 2 scrolls of amnesia {unknown}
 I - a scroll of noise
 J - a scroll of brand weapon {unknown}
 M - a scroll of fear {unknown}
 P - 4 scrolls of enchant armour {unknown}
Potions
 d - a potion of flight {unknown}
 f - 4 potions of heal wounds {unknown}
 h - 3 potions of haste {unknown}
 j - 4 potions of curing {unknown}
 s - 4 potions of poison {unknown}
 t - 2 potions of berserk rage {unknown}
 z - a potion of magic {unknown}
 K - 2 potions of invisibility {unknown}
 L - a potion of degeneration {unknown}
Books
 b - a book of Conjurations

   Spells                             Type                      Level
   a - Magic Dart                     Conjuration                  1
   b - Searing Ray                    Conjuration                  2
   c - Dazzling Spray                 Conjuration/Hexes            3
   d - Fulminant Prism                Conjuration/Hexes            4
   e - Iskenderun's Mystic Blast      Conjuration                  4
   f - Iskenderun's Battlesphere      Conjuration/Charms           5
 k - a book of Debilitation

   Spells                             Type                      Level
   a - Corona                         Hexes                        1
   b - Slow                           Hexes                        2
   c - Gell's Gravitas                Hexes/Translocation          3
   d - Inner Flame                    Hexes/Fire                   3
   e - Cause Fear                     Hexes                        4
   f - Leda's Liquefaction            Hexes/Earth                  4
 O - a Young Poisoner's Handbook

   Spells                             Type                      Level
   a - Sting                          Conjuration/Poison           1
   b - Cure Poison                    Poison                       2
   c - Mephitic Cloud                 Conjuration/Poison/Air       3
   d - Olgreb's Toxic Radiance        Poison                       4
   e - Venom Bolt                     Conjuration/Poison           5
Comestibles
 c - 2 bread rations


   Skills:
   Level 1.0 Long Blades
 - Level 0.4 Polearms
 - Level 2.4 Dodging
 - Level 2.4 Stealth
 - Level 3.0 Spellcasting
 - Level 7.0 Conjurations
 - Level 16.0 Charms
 * Level 5.7 Fire Magic


You had 3 spell levels left.
You knew the following spells:

 Your Spells              Type           Power        Failure   Level  Hunger
a - Magic Dart            Conj           ####         1%          1    None
b - Iskenderun's Battles  Conj/Chrm      ######..     3%          5    ######.
c - Inner Flame           Hex/Fire       ###.....     12%         3    ###....
d - Throw Flame           Conj/Fire      ####..       1%          2    ##.....


Dungeon Overview and Level Annotations

Branches:
Dungeon (11/15)            Temple (1/1) D:4
   Lair: D:8-11         Orc: D:9-12

Altars:
Cheibriados
Dithmenos
Fedhas
Nemelex Xobeh
Okawaru
Sif Muna
Trog
Vehumet
Xom
Yredelemnul
Zin

Shops:
D:4 ?


Message History

Something smites you! The warg bites you but does no damage.
An orc warrior comes into view. It is wielding a halberd.
Casting: Magic Dart
Confirm with . or Enter, or press ? or * to list all spells.
You conjure a globe of magical energy.
The warg bites you but does no damage. The warg bites you.
* * * LOW HITPOINT WARNING * * *
You hear the faint creaking of a distant portcullis.
The orc hits your battlesphere with a hand axe.
The warg bites your battlesphere!
Your battlesphere is destroyed!
The orc priest calls down the wrath of Beogh upon you.
Something smites you!
* * * LOW HITPOINT WARNING * * *
The warg bites you.
* * * LOW HITPOINT WARNING * * *
You closely miss the warg.
The warg is almost dead.
The warg bites you.
You die...

#.......# #.......#
#... #.......# +...#
#.......# #...#
#.......# #...#
#.......# #...#
#.......#
#...######.......#
#....oh@.........#
#####....##########..#
#......o.# ..#
.........# ....
........o## ..
........o.#
..........#
.......o..#
..........#


You could see a warg and an orc warrior.

Vanquished Creatures
  Pikel (D:5)
  A centaur zombie (D:11)
  Sigmund (D:4)
  The ghost of matakusis the Ducker, an amateur DsGl (D:4)
  Edmund (D:6)
  6 ogres
  4 sky beasts (D:5)
  A phantom (D:4)
  Blork the orc (D:4)
  4 giant frogs (D:6)
  3 orc wizards
  A giant frog skeleton (D:5)
  A hound (D:4)
  A giant frog zombie (D:5)
  3 orc priests
  2 jellies (D:6)
  3 iguanas
  3 centaur skeletons
  Natasha (thrice) (D:2 D:3)
  2 worker ants
  A hound skeleton (D:7)
  14 mummies (Ossuary)
  3 gnolls
  11 adders
  An ooze (D:3)
  2 worms
  3 giant geckos
  17 orcs
  A ball python (D:1)
  8 bats
  4 giant cockroaches
  A gnoll skeleton (Ossuary)
  8 goblins
  5 hobgoblins
  7 jackals
  9 kobolds
  6 quokkas
  A giant gecko skeleton (D:6)
  7 giant newts
  4 goblin skeletons (Ossuary)
  A goblin zombie (D:7)
  A jackal zombie (D:8)
  A kobold skeleton (Ossuary)
  2 orc skeletons (Ossuary)
  A quokka skeleton (D:5)
  2 quokka zombies
  8 rats
  9 rat skeletons (Ossuary)
181 creatures vanquished.

Vanquished Creatures (others)
  A crimson imp (D:5)
  2 adders (D:5)
  A quokka (D:5)
  2 rat skeletons (Ossuary)
6 creatures vanquished.

Grand Total: 187 creatures vanquished

Notes
Turn   | Place    | Note
--------------------------------------------------------------
     0 | D:1      | radek the Deep Elf Conjurer began the quest for the Orb.
     0 | D:1      | Reached XP level 1. HP: 10/10 MP: 6/6
   352 | D:1      | Reached XP level 2. HP: 15/15 MP: 5/8
   454 | D:1      | Reached skill level 5 in Conjurations
  1041 | D:2      | Noticed Natasha
  1045 | D:2      | Killed Natasha
  1045 | D:2      | Reached XP level 3. HP: 19/19 MP: 4/9
  1278 | D:2      | Reached skill level 6 in Conjurations
  1557 | D:2      | Noticed Natasha
  1561 | D:2      | Killed Natasha
  1561 | D:2      | Reached XP level 4. HP: 24/24 MP: 4/10
  1978 | D:2      | Found a sparkling altar of Nemelex Xobeh.
  2106 | D:3      | Noticed Natasha
  2116 | D:3      | Killed Natasha
  2365 | D:3      | Reached skill level 7 in Conjurations
  2365 | D:3      | Reached XP level 5. HP: 24/28 MP: 7/11
  2373 | D:3      | Learned a level 5 spell: Iskenderun's Battlesphere
  2613 | D:3      | Found an iron altar of Okawaru.
  2613 | D:3      | Found a bloodstained altar of Trog.
  2640 | D:3      | Reached skill level 1 in Charms
  3102 | D:3      | Found a shadowy altar of Dithmenos.
  3410 | D:3      | Found a sparkling altar of Nemelex Xobeh.
  3755 | D:4      | Noticed a phantom
  3759 | D:4      | Killed a phantom
  3759 | D:4      | Reached skill level 5 in Charms
  3759 | D:4      | Reached XP level 6. HP: 32/32 MP: 3/12
  3954 | D:4      | Noticed matakusis's ghost (amateur DsGl)
  3963 | D:4      | Killed matakusis's ghost
  4137 | D:4      | Found a staircase to the Ecumenical Temple.
  4148 | Temple   | Entered the Ecumenical Temple
  4157 | Temple   | Became a worshipper of Vehumet
  4179 | D:4      | Noticed an ogre
  4183 | D:4      | Killed an ogre
  4183 | D:4      | Reached skill level 8 in Charms
  4183 | D:4      | Reached XP level 7. HP: 36/36 MP: 4/13
  4221 | D:4      | Reached skill level 9 in Charms
  4389 | D:4      | Noticed Blork the orc
  4417 | D:4      | Killed Blork the orc
  4696 | D:4      | Found Ruboynk's Magic Scroll Emporium.
  4703 | D:4      | Noticed an ogre
  4706 | D:4      | Killed an ogre
  4706 | D:4      | Reached skill level 10 in Charms
  4738 | D:4      | Found a basalt altar of Yredelemnul.
  4838 | D:4      | Noticed Sigmund
  4903 | D:4      | Killed Sigmund
  4903 | D:4      | Reached skill level 11 in Charms
  4903 | D:4      | Reached XP level 8. HP: 36/41 MP: 6/14
  5032 | D:5      | Entered Level 5 of the Dungeon
  5179 | D:5      | Found a glowing silver altar of Zin.
  5454 | D:5      | Found a deep blue altar of Sif Muna.
  5506 | D:5      | Reached skill level 12 in Charms
  5666 | D:5      | Noticed Pikel
  5689 | D:5      | Killed Pikel
  5689 | D:5      | Reached skill level 1 in Long Blades
  5689 | D:5      | Reached skill level 13 in Charms
  6294 | D:5      | Reached skill level 14 in Charms
  6294 | D:5      | Reached XP level 9. HP: 45/45 MP: 6/15
  6561 | D:6      | Noticed Edmund
  6716 | D:6      | Killed Edmund
  7296 | D:6      | Reached skill level 15 in Charms
  7476 | D:6      | Reached * piety under Vehumet
  7476 | D:6      | Offered knowledge of Sandblast by Vehumet.
  7481 | D:6      | Learned a level 3 spell: Inner Flame
  7777 | D:6      | Reached skill level 1 in Fire Magic
  8132 | D:6      | Found a shimmering altar of Xom.
  8222 | D:7      | Found a snail-covered altar of Cheibriados.
  8256 | D:7      | Found a sand-covered staircase.
  8263 | Ossuary  | Entered an ossuary
  8702 | Ossuary  | Reached ** piety under Vehumet
  8716 | Ossuary  | Offered knowledge of Throw Flame by Vehumet.
  9234 | Ossuary  | Learned a level 2 spell: Throw Flame
  9945 | D:7      | Found a blossoming altar of Fedhas.
 10224 | D:7      | Reached skill level 16 in Charms
 10935 | D:8      | You fall through a shaft for 3 floors!
 10935 | D:11     | Noticed a centaur skeleton
 10935 | D:11     | Noticed a centaur zombie
 10941 | D:11     | Killed a centaur skeleton
 10952 | D:11     | Killed a centaur zombie
 10952 | D:11     | Reached skill level 5 in Fire Magic
 11093 | D:11     | Slain by a warg

Vault maps used:
D:1:      saegor_arrival_simple_f, serial_forest, infiniplex_forest_corner_2,
          infiniplex_forest_clump_small, infiniplex_forest_clump_long,
          infiniplex_forest_zigzag_2, infiniplex_forest_lined_corner,
          infiniplex_forest_clump_large, infiniplex_forest_end_3
D:2:      nemelex_xobeh_ov_fountains_minmay, first_bread, uniq_natasha
D:3:      gammafunk_temple_overflow_wave, lemuel_round_altar, serial_bayou,
          serial_bayou_pond_c, serial_bayou_lake_a, serial_bayou_crossing,
          serial_bayou_ford_a, nemelex_spade_bored_becter
D:4:      yredelemnul_altar_generic, minmay_temple_entry_overgrown,
          serial_shops, shop, uniq_sigmund, uniq_blork_the_orc
D:5:      kennysheep_mini_moat, led_sif_pool, uniq_pikel
D:6:      kennysheep_six_static_rooms, xom_teletrap_fun, uniq_edmund
D:7:      kennysheep_little_box, enter_ossuary_4, basic_altar
D:8:      kiku_gazebo_pond_becter, grunt_pizzeria
D:11:     cheibrodos_magma_flow, david_orc_3, enter_bailey_2
Temple:   hc_temple_tempest_star_small
Ossuary:  ossuary_due_small_catacomb

Action                   |  1- 3 |  4- 6 |  7- 9 || total
-------------------------+-------+-------+-------++-------
Melee: Unarmed           |     9 |       |       ||     9
       Dagger            |     7 |       |       ||     7
       Mace              |       |     3 |    10 ||    13
       Scythe            |       |       |     5 ||     5
       Falchion          |       |       |     3 ||     3
 Cast: Magic Dart        |    60 |   117 |   328 ||   505
       Iskenderun's Batt |       |     5 |    29 ||    34
       Inner Flame       |       |       |     3 ||     3
       Throw Flame       |       |       |     2 ||     2
  Use: Scroll            |       |       |    10 ||    10
  Eat: Chunk             |     2 |     4 |    10 ||    16
       Bread ration      |       |     2 |     2 ||     4
       Meat ration       |       |       |     2 ||     2
       Beef jerky        |       |       |     1 ||     1
